AoeStats
← Luis

Arena

506362816Analyzed
1v1 RM · 20d ago on Sep 13, 2026· 40m 28s· 2 players
Game mode
Random Map
Map size
Tiny (2 player)
Population
200
Speed
Normal
Resources
Standard
Victory
Conquest
Starting age
Dark Age
Ending age
Imperial Age
RankedLock teamsTeams togetherTeam positionsShared explorationLock speedFull tech treeHidden civsTurbo modeCheats
Victory
Defeat
🇸🇪 Spanish · Sweden
705
+14
🇪🇸 Burgundians · Spain
651
-14
Luis
8:55 Loom
10:48 Feudal Age
9:10 Double-Bit Axe
16:56 Castle Age
14:43 Town Watch
15:51 Horse Collar
16:07 Gold Mining
16:33 Bow Saw
17:10 Stone Mining
17:38 Fletching
17:50 Scale Mail Armor
19:44 Heavy Plow
23:15 Wheelbarrow
25:29 Crop Rotation
27:20 Forging
28:04 Husbandry
27:25 Cavalier
28:58 Scale Barding Armor
35:11 Iron Casting
38:25 Chain Barding Armor
Howdoyouturnthison!
12:11 Feudal Age
14:10 Double-Bit Axe
20:17 Castle Age
18:25 Padded Archer Armor
18:20 Horse Collar
19:33 Gold Mining
26:34 Leather Archer Armor
27:49 Loom
28:40 Wheelbarrow
28:18 Stone Mining
29:29 Fletching
30:02 Bow Saw
42:53 Imperial Age
Connection lost

Rejoining the realm…

Still unreachable

The connection could not be restored.

Session expired

The server has moved on; the page needs a fresh start.